 Dungeon Crawl Stone Soup version 0.29-a0-323-g050149af67 (webtiles) character file.

Game seed: 11237538077322004172

10718 Jortsu the Grappler (level 11, -2/104 HPs)
             Began as a Troll Hunter on Apr 11, 2022.
             Was an Elder of Fedhas.
             Slain by a yak (7 damage)
             ... on level 10 of the Dungeon.
             The game lasted 00:18:55 (8920 turns).

Jortsu the Grappler (Troll Hunter)                  Turns: 8920, Time: 00:18:56

Health: -2/104     AC:  7    Str: 29    XL:     11   Next: 39%
Magic:  0/11       EV: 13    Int:  5    God:    Fedhas [****..]
Gold:   612        SH:  0    Dex: 15    Spells: 10/10 levels left

rFire   . . .      SeeInvis +   K - +0 giant club
rCold   . . .      Faith    .   (shield currently unavailable)
rNeg    . . .      Spirit   +   H - +2 robe
rPois   .          Reflect  .   (helmet restricted)
rElec   .          Harm     .   B - +0 cloak
rCorr   .          Rampage  .   (gloves unavailable)
Will    .....                   (boots unavailable)
Stlth   +++.......              g - amulet of guardian spirit
HPRegen 1.07/turn               r - +6 ring of strength
MPRegen 0.12/turn               q - ring of see invisible

@: no status effects
A: large, unfitting armour, claws 3, regeneration 1, shaggy fur 1, tough skin 1
a: Renounce Religion, Wall of Briars, Grow Ballistomycete, Overgrow


You were on level 10 of the Dungeon.
You worshipped Fedhas.
Fedhas was greatly pleased with you.
You visited 1 branch of the dungeon, and saw 10 of its levels.
You also visited: Ossuary.

You collected 612 gold pieces.

Inventory:

Hand Weapons
 a - a +2 hunting sling
 K - a +0 giant club (weapon)
Armour
 B - a +0 cloak (worn)
 H - a +2 robe (worn)
 I - +0 steam dragon scales
Jewellery
 b - a ring of fire
 g - an amulet of guardian spirit (around neck)
 i - a ring of willpower
 q - a ring of see invisible (right claw)
 r - a +6 ring of strength (left claw)
 A - a +4 ring of evasion
Wands
 m - a wand of iceblast (4)
 D - a wand of flame (24)
 E - a wand of paralysis (9)
Scrolls
 c - 2 scrolls of immolation
 e - 9 scrolls of teleportation
 o - 3 scrolls of enchant armour
 t - a scroll of enchant weapon
 x - a scroll of torment
 y - 2 scrolls of fear
 C - a scroll of fog
 F - 4 scrolls of amnesia
 G - a scroll of magic mapping
 J - a scroll of identify
Potions
 d - a potion of magic
 f - 2 potions of berserk rage
 h - 6 potions of lignification
 j - 3 potions of invisibility
 k - 2 potions of attraction
 l - 3 potions of heal wounds
 n - 2 potions of resistance
 p - 4 potions of might
 s - 8 potions of haste
 u - 2 potions of brilliance
 v - a potion of ambrosia
 w - 2 potions of curing
 z - a potion of flight {unknown}


   Skills:
 + Level 5.3 Fighting
 + Level 0.8 Maces & Flails
 + Level 3.2 Slings
 + Level 6.7 Dodging
 + Level 3.7 Stealth
 + Level 13.3 Unarmed Combat
 + Level 1.8 Invocations


You had 10 spell levels left.
You didn't know any spells.
Your spell library contained the following spells:

 Spells                   Type           Power      Damage    Failure   Level
 Animate Skeleton         Necr           0%         N/A       47%         1
 Apportation              Tloc           0%         N/A       47%         1
 Pain                     Necr           0%         1d4       47%         1
 Summon Small Mammal      Summ           0%         N/A       47%         1
 Ignite Poison            Fire/Tmut/Pois 0%         N/A       85%         3
 Mephitic Cloud           Conj/Pois/Air  0%         N/A       85%         3
 Vampiric Draining        Necr           0%         2d6       85%         3
 Freezing Cloud           Conj/Ice/Air   0%         6-21      100%        5


Dungeon Overview and Level Annotations

Branches:
Dungeon (10/15)            Temple (0/1) D:7         Ossuary (visited)
   Lair: D:8-11         Orc: D:9-12

Altars:
Fedhas
Hepliaklqana
Kikubaaqudgha
Sif Muna


Innate Abilities, Weirdness & Mutations

You are too large for most types of armour.
You have claws for hands.
Your natural rate of healing is unusually fast.
You are covered in fur. (AC +1)
You have tough skin. (AC +1)


Message History

Fedhas appreciates your contribution to the ecosystem.
You barely miss the yak. The yak gores you but does no damage.
The yak closely misses you.
You barely miss the yak. The yak barely misses you.
You barely miss the yak. The yak gores you but does no damage.
The yak gores you!
You bludgeon the yak!!
The yak is heavily wounded.
The yak misses you. The yak gores you!
You barely miss the yak.
The yak is heavily wounded.
The yak gores you!
You sock the yak!
The yak is almost dead.
The yak barely misses you. The yak closely misses you.
You bludgeon the yak!!
You kill the yak!
Fedhas appreciates your contribution to the ecosystem.
You sock the yak!
The yak is moderately wounded.
The yak gores you. The yak gores you!
* * * LOW HITPOINT WARNING * * *
You barely miss the yak.
The yak is moderately wounded.
The yak gores you!
* * * LOW HITPOINT WARNING * * *
The yak barely misses you.
The yak snorts and paws the ground.
The yak attacks as you move away! The yak barely misses you.
The yak attacks as you move away! The yak gores you.
* * * LOW HITPOINT WARNING * * *
You bludgeon the yak!!
You kill the yak!
Fedhas appreciates your contribution to the ecosystem.
The yak gores you!
* * * LOW HITPOINT WARNING * * *
You see here a yak corpse.
The yak attacks as you move away! The yak gores you!
You die...
Fedhas appreciates your contribution to the ecosystem.

..< ..# #.##.# ### #.
#....# ..# ..##..... #.#
......... #Y# .........
#.# .##..#.#. #######.#
#...... #....@Y.# #..#...
#.############ #..#..#
#.# #.......###..#..# #.#
#.##......#......
####[####.##.##.#.####.[#
#......)#.##......# #..#
#.##.##.#.##......####...
#.##...................##
#.#####.####......#####..


You could see a yak.

Vanquished Creatures
  Erolcha (D:10)
  Erica (D:10)
  Pikel (D:4)
  Joseph (D:8)
  A troll (D:10)
  Grinder (D:3)
  19 yaks
  3 steam dragons
  Grum (D:8)
  3 vampire mosquitoes (D:10)
  4 water moccasins
  Duvessa (D:7)
  An acid dragon (D:10)
  An ice beast (D:7)
  A sky beast (D:7)
  A black bear (D:7)
  4 wolves
  4 centaurs
  6 bullfrogs
  2 kobold brigands
  A gnoll sergeant (D:7)
  11 scorpions
  A necrophage (D:7)
  4 wights (D:9)
  Dowan (D:7)
  4 killer bees (D:7)
  A howler monkey (D:8)
  2 centaur zombies (Ossuary)
  2 orc priests
  5 human zombies (Ossuary)
  3 jellies
  A gnoll shaman (D:8)
  3 hounds
  4 iguanas (D:5)
  8 orc wizards
  2 scorpion zombies (Ossuary)
  3 mummies (Ossuary)
  11 gnolls
  2 adders (D:4)
  2 shadow imps
  3 worms
  2 dart slugs
  22 orcs
  2 endoplasms (D:1)
  A giant cockroach (D:4)
  2 gnoll zombies (Ossuary)
  5 goblins
  2 hobgoblins
  8 jackals
  14 kobolds
  4 ball pythons
  7 bats
  2 goblin zombies (Ossuary)
  3 kobold zombies (Ossuary)
  3 orc zombies (Ossuary)
  3 rats
211 creatures vanquished.

Vanquished Creatures (collateral kills)
  A vampire mosquito (D:10)
  A phantom (D:6)
  A kobold brigand (D:6)
  A necrophage (D:6)
  An orc wizard (D:9)
  An orc (D:9)
6 creatures vanquished.

Grand Total: 217 creatures vanquished

Notes
Turn   | Place    | Note
-------+----------+-------------------------------------------
     0 | D:1      | Jortsu the Troll Hunter began the quest for the Orb.
     0 | D:1      | Reached XP level 1. HP: 19/19 MP: 0/0
   183 | D:1      | Reached XP level 2. HP: 27/27 MP: 1/1
   807 | D:2      | Found an ancient bone altar of Kikubaaqudgha.
  1062 | D:2      | Reached XP level 3. HP: 33/33 MP: 2/2
  1267 | D:3      | Reached skill level 1 in Unarmed Combat
  1313 | D:3      | Found a faded altar of an unknown god.
  1318 | D:3      | Prayed at the altar of an unknown god.
  1318 | D:3      | Became a worshipper of Fedhas Madash
  1318 | D:3      | Reached * piety under Fedhas
  1396 | D:3      | Reached XP level 4. HP: 42/42 MP: 3/3
  1481 | D:3      | Noticed Grinder
  1488 | D:3      | Reached skill level 2 in Unarmed Combat
  1508 | D:3      | Paralysed by Grinder for 3 turns
  1517 | D:3      | Paralysed by Grinder for 2 turns
  1521 | D:3      | Killed Grinder
  1522 | D:3      | Reached skill level 3 in Unarmed Combat
  1522 | D:3      | Reached XP level 5. HP: 30/49 MP: 4/4
  1522 | D:3      | Reached XP level 6. HP: 34/57 MP: 5/5
  1603 | D:4      | Reached skill level 1 in Stealth
  1603 | D:4      | Reached skill level 4 in Unarmed Combat
  1665 | D:4      | Noticed Pikel
  1683 | D:4      | Killed Pikel
  1684 | D:4      | Reached skill level 5 in Unarmed Combat
  1684 | D:4      | Reached XP level 7. HP: 24/66 MP: 3/6
  1902 | D:4      | Found a sand-covered staircase.
  1934 | Ossuary  | Entered an ossuary
  1957 | Ossuary  | Reached skill level 6 in Unarmed Combat
  1958 | Ossuary  | Reached ** piety under Fedhas
  1986 | Ossuary  | Reached XP level 8. HP: 64/74 MP: 4/7
  2135 | Ossuary  | Reached skill level 7 in Unarmed Combat
  2231 | Ossuary  | Reached skill level 8 in Unarmed Combat
  2347 | D:4      | Identified the +0 robe of the Mind {Will+}
  2911 | D:5      | Entered Level 5 of the Dungeon
  3151 | D:5      | Reached skill level 5 in Dodging
  3196 | D:5      | Reached XP level 9. HP: 48/83 MP: 5/8
  3453 | D:5      | Reached *** piety under Fedhas
  3756 | D:5      | Found a shimmering blue altar of Sif Muna.
  4188 | D:6      | Reached skill level 9 in Unarmed Combat
  4381 | D:6      | Identified the +8 whip of Income {drain, Contam Will+
                  | Int+4}
  4792 | D:7      | Noticed Duvessa
  4792 | D:7      | Noticed Dowan
  4794 | D:7      | Killed Dowan
  4802 | D:7      | Killed Duvessa
  4991 | D:7      | Reached skill level 10 in Unarmed Combat
  5365 | D:7      | Reached **** piety under Fedhas
  5742 | D:7      | Found a staircase to the Ecumenical Temple.
  5746 | D:7      | Reached XP level 10. HP: 94/94 MP: 9/9
  6151 | D:8      | Found a hazy altar of Hepliaklqana.
  6225 | D:8      | Reached skill level 11 in Unarmed Combat
  6370 | D:8      | Noticed Joseph
  6387 | D:8      | Killed Joseph
  6591 | D:8      | Noticed Grum
  6801 | D:8      | Killed Grum
  7499 | D:8      | Reached skill level 12 in Unarmed Combat
  7615 | D:10     | Entered Level 10 of the Dungeon
  7687 | D:9      | Reached skill level 1 in Invocations
  8039 | D:9      | Reached skill level 5 in Fighting
  8248 | D:10     | Noticed Erica
  8257 | D:10     | Killed Erica
  8258 | D:10     | Reached XP level 11. HP: 88/102 MP: 8/10
  8568 | D:10     | Reached skill level 13 in Unarmed Combat
  8757 | D:10     | Noticed Erolcha
  8783 | D:10     | Killed Erolcha
  8919 | D:10     | HP: 5/104 [yak (9)]
  8920 | D:10     | Slain by a yak

Illustrated notes

Levels and vault maps discovered:
D:1:      minmay_arrival_arboretum_small, layout_loops_ring
D:2:      layout_basic, basic_altar, corner_web_ring
D:3:      layout_rooms, ebering_ecumenical_altar_hall, uniq_grinder
D:4:      layout_cave_pods, nicolae_ossuary_entry_ruins, uniq_pikel
D:5:      layout_layer_cave, lemuel_blue_sif_altar
D:6:      layout_loops_ring
D:7:      minmay_angry_zag, layout_basic, minmay_temple_entry_poolview,
          uniq_duvessa
D:8:      layout_basic, mainiacjoe_overflow_small_starburst, uniq_grum,
          uniq_joseph
D:9:      layout_basic
D:10:     layout_loops_cross, uniq_erolcha, uniq_erica, uniq_snorg

Skill      XL: |  1  2  3  4  5  6  7  8  9 10 11 |
---------------+----------------------------------+-----
Slings         | 3 |  3.2
Unarmed Combat | 1 3 5 6 8 10 12 13 | 13.3
Dodging        | 2 3 4 5 6 |  6.7
Fighting       | 2 3 4 5 |  5.3
Stealth        | 1 2 3 |  3.7
Invocations    | 1 |  1.8
Maces & Flails | |  0.8

Action                   |  1- 3 |  4- 6 |  7- 9 | 10-12 || total
-------------------------+-------+-------+-------+-------++-------
Melee: Unarmed           |    99 |    62 |   268 |   190 ||   619
       Punch             |     3 |     1 |     9 |    10 ||    23
       Giant club        |       |       |       |    19 ||    19
Invok: Wall of Briars    |       |       |     2 |     8 ||    10
       Grow Ballistomyce |       |       |       |     1 ||     1
  Use: Scroll            |     6 |       |     9 |     7 ||    22
       Potion            |       |     1 |       |       ||     1
 Stab: Sleeping          |     1 |     1 |     5 |     6 ||    13
Armor: Robe              |    64 |    22 |    71 |    41 ||   198
Dodge: Dodged            |    69 |    35 |   115 |   137 ||   356

Table legend: (Time is in decaauts)
 A = Elapsed time spent in this place.
 B = Non-inter-level travel time spent in this place.
 C = Inter-level travel time spent in this place.
 D = Time resting spent in this place.
 E = Time spent auto-exploring this place.
 F = Levels seen in this place.
 G = Mean time per level.
                   A        B        C        D        E       F      G
               +--------+--------+--------+--------+--------+-----+--------+
         Total |   8853 |   8595 |    258 |    656 |   5485 |  11 |  804.8 |
       Dungeon |   8474 |   8216 |    258 |    654 |   5472 |  10 |  847.4 |
       Ossuary |    378 |    378 |      0 |      2 |     13 |   1 |  378.0 |
               +--------+--------+--------+--------+--------+-----+--------+

Top non-repeatable levels by time:
     D:7: 1481 daAuts
     D:8: 1241 daAuts
     D:5: 1132 daAuts
     D:4: 924 daAuts
    D:10: 739 daAuts
     D:6: 710 daAuts
     D:9: 660 daAuts
     D:2: 638 daAuts
     D:1: 589 daAuts
 Ossuary: 378 daAuts
     D:3: 356 daAuts
